 Dungeon Crawl Stone Soup version 0.29.1-15-g9cfb28693d (webtiles) character file.

Game seed: 16738255895193315857

72 jtron the Stinger (level 4, -7/30 HPs)
             Began as a Demonspawn Venom Mage on Mar 28, 2023.
             Killed by divine providence
             ... invoked by an orc priest
              (13 damage)
             ... on level 3 of the Dungeon.
             The game lasted 00:06:36 (2692 turns).

jtron the Stinger (Demonspawn Venom Mage)           Turns: 2692, Time: 00:06:38

Health: -7/30      AC:  2    Str:  9    XL:     4   Next: 6%
Magic:  7/7        EV: 12    Int: 18    God:
Gold:   96         SH:  0    Dex: 13    Spells: 3/7 levels left

rFire   . . .      SeeInvis +   a - +4 quarterstaff "Aubergine" {drain, rElec SInv}
rCold   . . .      Faith    .   (shield currently unavailable)
rNeg    . . .      Spirit   .   c - +0 robe
rPois   .          Reflect  .   (no helmet)
rElec   +          Harm     .   (no cloak)
rCorr   .          Rampage  .   (no gloves)
Will    .....                   (no boots)
Stlth   ++........              (no amulet)
HPRegen 0.10/turn               (no ring)
MPRegen 0.10/turn               (no ring)

@: invisible
A: demonic guardian 2, demonic touch 1
a: no special abilities


You were on level 3 of the Dungeon.
You visited 1 branch of the dungeon, and saw 3 of its levels.

You collected 96 gold pieces.

Inventory:

Hand Weapons
 a - the +4 quarterstaff "Aubergine" (weapon) {drain, rElec SInv}
   (You found it on level 2 of the Dungeon)

   A truly terrible weapon, it drains the life of any living foe it strikes.
   rElec:     It insulates you from electricity.
   SInv:      It lets you see invisible.
 b - a +0 dagger
Missiles
 i - 6 stones (quivered)
Armour
 c - a +0 robe (worn)
Jewellery
 f - a ring of wizardry
Scrolls
 e - a scroll of blinking
 g - a scroll of enchant armour {unknown}
 h - a scroll of magic mapping {unknown}
 l - a scroll of identify {unknown}
Potions
 d - a potion of lignification {unknown}
 j - a potion of mutation {unknown}
 k - a potion of invisibility


   Skills:
 * Level 0.6 Staves
 + Level 2.2 Dodging
 + Level 2.0 Stealth
 + Level 2.1 Spellcasting
 * Level 0.9 Conjurations
 + Level 1.5 Transmutations
 * Level 0.2 Air Magic
 + Level 3.6 Poison Magic


You had 3 spell levels left.
You knew the following spells:

 Your Spells              Type           Power      Damage    Failure   Level
a - Sting                 Tmut/Pois      44%        1d5       6%          1
b - Mephitic Cloud        Conj/Pois/Air  7%         N/A       28%         3

Your spell library contained the following spells:

 Spells                   Type           Power      Damage    Failure   Level
 Poisonous Vapours        Pois/Air       16%        N/A       12%         2
 Olgreb's Toxic Radiance  Pois           15%        N/A       36%         4
 Dispersal                Tloc           0%         N/A       100%        6
 Disjunction              Tloc           0%         N/A       100%        8


Dungeon Overview and Level Annotations

Branches:
Dungeon (3/15)

Altars:


Innate Abilities, Weirdness & Mutations

A demonic guardian rushes to your aid.
Your touch may inflict minor irresistible damage on your foes.


Message History

The slug dart hits you.
A demonic guardian appears!
The dart slug launches a dart at you. The slug dart hits you.
Throw: 7 stones
Press: ? - help, Q - select action, (/) - cycle Shift-Dir - straight line, f/p - orc
Aim: an orc, wielding a +0 dagger and wearing a +0 leather armour (ally target, 56% to hit)
You throw a stone. The stone closely misses the orc.
The orc closely misses you.
Your rust devil hits the orc.
Your rust devil corrodes the orc!
You barely miss the orc.
The orc is heavily wounded.
The orc hits you with a +0 dagger.
Your rust devil hits the orc.
The orc dies!
The dart slug launches a dart at you. The slug dart misses you.
A rat comes into view.
There is a stone staircase leading up, spattered with blood here.
What are your orders? t - Shout!
Orders for allies: a - Attack new target. r - Retreat! s - Stop attacking. g - Guard the area. f - Follow me.
Anything else - Cancel.
Gang up on whom?
Press: ? - help, Dir - move target, f - orc priest
Aim: an orc priest, wielding a +0 war axe and wearing a +0 leather armour Attack!
You thump the endoplasm!
You kill the endoplasm!
The orc barely misses your rust devil.
The orc priest mumbles some strange prayers to Beogh against you.
Beogh smites you!
* * * LOW HITPOINT WARNING * * *
Your rust devil barely misses the orc.
It was a potion of invisibility.
You fade into invisibility!
The orc hits your rust devil but does no damage.
The orc priest calls down the wrath of Beogh upon you.
Beogh smites you!
You die...

#..........########
#..........#......#
####..........#......#
..............#......#
..)..........##......##
.....$...........r<.$.#
##.......w............#
#...................#
#....@.)4oo.....#.....
##...........#..#..###
##.....w..#....#..#
##....r.......##.#
######..#..... .# ....#
.... ..


You could see an orc priest (unable to see you), 2 dart slugs, an orc (unable to
see you, ally target), a rat (unable to see you) and a friendly rust devil
(summoned).

Vanquished Creatures
  An adder (D:2)
  2 worms (D:2)
  2 dart slugs
  An orc (D:3)
  3 ball pythons
  5 bats
  6 endoplasms
  2 giant cockroaches
  A goblin (D:2)
  7 hobgoblins
  4 jackals (D:2)
  3 kobolds
  A quokka (D:1)
  3 frilled lizards
  2 rats (D:1)
43 creatures vanquished.

Vanquished Creatures (collateral kills)
  An orc (D:3)
1 creature vanquished.

Grand Total: 44 creatures vanquished

Notes
Turn   | Place    | Note
-------+----------+-------------------------------------------
     0 | D:1      | jtron the Demonspawn Venom Mage began the quest for the
                  | Orb.
     0 | D:1      | Reached XP level 1. HP: 13/13 MP: 3/3
   472 | D:1      | Gained mutation: Your touch may inflict minor irresistible
                  | damage on your foes. [demonic ancestry]
   472 | D:1      | Reached XP level 2. HP: 17/19 MP: 0/5
   482 | D:1      | Reached skill level 1 in Transmutations
   838 | D:1      | Found a faded altar of an unknown god.
  1254 | D:2      | Identified the +4 quarterstaff "Aubergine" {drain, rElec
                  | SInv}
  1390 | D:2      | Gained mutation: A weak demonic guardian rushes to your
                  | aid. [demonic ancestry]
  1390 | D:2      | Reached XP level 3. HP: 24/24 MP: 4/6
  1575 | D:2      | Learned a level 3 spell: Mephitic Cloud
  2417 | D:3      | Gained mutation: A demonic guardian rushes to your aid.
                  | [demonic ancestry]
  2417 | D:3      | Reached XP level 4. HP: 9/30 MP: 3/7
  2692 | D:3      | Killed from afar by an orc priest

Illustrated notes

Levels and vault maps discovered:
D:1:      eino_arrival_druids_welcome, layout_basic,
          shapermc_ecumenical_altar_flowoftime, chequers_decorated_corner,
          minmay_pentomino_z2
D:2:      layout_rooms
D:3:      layout_rooms, nicolae_elyvilon_peaceful_grove, chequers_mini_garden

Skill      XL: |  1  2  3 |
---------------+----------+-----
Dodging        | 2 |  2.2
Transmutations | 1 |  1.5
Stealth        | 2 |  2.0
Staves         | |  0.6
Spellcasting   | |  2.1
Conjurations   | |  0.9
Air Magic      | |  0.2
Poison Magic   | |  3.6

Action                   |  1- 3 |  4- 6 || total
-------------------------+-------+-------++-------
Melee: Dagger            |    21 |       ||    21
       Unarmed           |     7 |       ||     7
       Touch             |     3 |       ||     3
       Quarterstaff      |    29 |     2 ||    31
Throw: Stone             |       |     2 ||     2
 Cast: Sting             |    52 |       ||    52
       Mephitic Cloud    |     1 |       ||     1
  Use: Potion            |     1 |     1 ||     2
       Scroll            |     3 |       ||     3
 Stab: Sleeping          |     2 |       ||     2
Armor: Robe              |    17 |       ||    17
Dodge: Dodged            |    41 |     2 ||    43
